Arrhythmia, chaotic female vampiric Convict ---- ---- -----..----------- --- |..| ---.--............*|--.-- --..| |......----...----.--...---- |...| |......| --..%..|.........|## ---.--- --...-- -..%.%..--........-.---...| |...| .....%..|..>............--- --- ---..-- -.-.----...---_.-....--...-- |.----|....| ....| --...||.d.|...--....| |.*..--....-- |..-- ...%----.---.....-.- --..........| --.- --.-....|.|...--........| --.......%-- #-............|. -.....--. - --.......-- .............|.. .....--...| ----- -.......%| ---.|..--.......- ......---.- --...--^....--)-| |...|----.................--...| |...........--..------.--- |0....(... 0........|-- --(..<..........%.||...| |........ ........%| |...---.---......||..-- --..---- .........| --.--------- --.--.--- --- --- Arrhythmia the Jail-bird Experience level: 7 Strength: 16 Dexterity: 17 Constitution: 20 Intelligence: 9 Wisdom: 12 Charisma: 10 Health: 16(16) Energy: 45(45) AC: 4 Gold: 0 Moves: 4232 Your Inventory: Weapons E - 2 [uncursed +0] daggers Armor v - an [uncursed] +0 pair of hard shoes [iron] Scrolls z - an [uncursed] scroll labeled KERNOD WEL [of charging] Tools f - an [uncursed] bag called Sack [sack] Iron balls c - an uncursed heavy iron ball (chained to you) Contents of the sack: 258 gold pieces an uncursed [+0] crude dagger [orcish] an [uncursed] sparkling potion [of confusion] an uncursed wand called Nohol [of cancellation (0:7)] an [uncursed] stone called Nottouch [luckstone] Spells known in the end: Name Level Category Fail Memory Your skills at the end: Fighting Skills Weapon Skills sling [Basic / Skilled] Spellcasting Skills Final Attributes: You were piously aligned. Hunger level was 838. Your alignment was 30 / 31. Monster difficulty range was 0 - 6. Level difficulty was 5. You were immune to poison. You were immune to level-drain. You were immune to sickness. You were punished. You regenerated. You were a werewolf. You were in beast form (781). You were lucky (1). You survived. Vanquished creatures: a brown pudding a werewolf a jaguar an ape 4 enormous rats a rock mole a violet fungus 5 gnome lords 3 straw golems 2 little dogs a floating eye a kitten 6 dwarves a kobold lord 2 giant bats 3 monkeys an iguana an acid blob a gas spore 2 hobbits 3 giant rats 2 yellow molds 20 gnomes 8 garter snakes 2 geckos 6 jackals 4 goblins 4 sewer rats 4 grid bugs 6 lichens 2 newts 100 creatures vanquished. Voluntary challenges: You went without food. You never hit with a wielded weapon. You read items or engraved 4 times. You put on armor 13 times. You never genocided any monsters. You never polymorphed an object. You changed form 2 times. You used no wishes. You abstained from Elbereth's help. You never encountered a bones level. You never used any Sokoban shortcuts. Dungeon overview: The Dungeons of Doom: levels 1 to 3 Level 1 an altar to Tymora a long staircase Level 2 a fountain Level 3 a general store, a fountain stairs to The Gnomish Mines The Gnomish Mines: levels 4 to 6 Level 4 stairs to The Dungeons of Doom Level 5 <- You were here History has recorded: On T:1 you entered the Dungeons of Doom to retrieve the Amulet of Yendor! On T:704 you advanced to experience level 2. On T:870 you reached level 2 of The Dungeons of Doom. On T:1062 you advanced to experience level 3. On T:1242 you advanced to experience level 4. On T:1389 you reached level 3 of The Dungeons of Doom. On T:1632 you reached level 1 of The Gnomish Mines. On T:1721 you advanced to experience level 5. On T:2110 you advanced to experience level 6. On T:2540 you reached level 2 of The Gnomish Mines. On T:2739 you advanced to experience level 7. On T:2936 you reached level 3 of The Gnomish Mines. Latest messages: [HP+1=39] [HP+1=40] [HP+1=41] [HP+1=42] [HP+1=43] [HP+1=44] [HP+1=45] [HP+1=46] [HP+1=47] [HP+1=48] [HP+1=49] [HP+1=50] [HP+1=51] You stop searching. You turn into a werewolf! Your cloak tears apart! Your helmet falls to the floor! Your boots are pushed off your feet! Use the command #monster to summon help. You rebalance your load. Movement is difficult. [HP-35=16] [41 turns] Final status: Goodbye Arrhythmia the Convict... You quit in The Gnomish Mines on dungeon level 5 with 3468 points, and 258 pieces of gold, after 4232 moves. You were level 7 with a maximum of 75 hit points when you quit.